AoeStats
← HeroCauldron

Hill Fort

505824776Analyzed
2v2 RM · 21d ago on Sep 11, 2026· 14m 34s· 4 players
Game mode
Random Map
Map size
Medium (4 player)
Population
200
Speed
Normal
Resources
Standard
Victory
Conquest
Starting age
Dark Age
Ending age
Imperial Age
RankedLock teamsTeams togetherTeam positionsShared explorationLock speedFull tech treeHidden civsTurbo modeCheats
Victory
Defeat
🇹🇷 Mongols · Türkiye
653
+19
🇹🇷 Sicilians · Türkiye
632
+35
🇮🇹 Cumans · Italy
730
-20
🇳🇴 Poles · Norway
724
-19
HeroCauldron
11:10 Feudal Age
9:29 Loom
13:44 Horse Collar
Abdusancak
7:45 Loom
10:10 Feudal Age
13:23 Double-Bit Axe
Anette2k
14:55 Feudal Age
Brux
0:27 Loom
12:03 Feudal Age
Connection lost

Rejoining the realm…

Still unreachable

The connection could not be restored.

Session expired

The server has moved on; the page needs a fresh start.